AoeStats
← 鄙人張麻子

Arena

503825726Analyzed
4v4 RM · 1mo ago on Sep 2, 2026· 39m 33s· 8 players
Game mode
Random Map
Map size
Large (8 player)
Population
200
Speed
Normal
Resources
Standard
Victory
Conquest
Starting age
Dark Age
Ending age
Imperial Age
RankedLock teamsTeams togetherTeam positionsShared explorationLock speedFull tech treeHidden civsTurbo modeCheats
Victory
Defeat
🇹🇼 Lithuanians · Taiwan
1155
+12
🇹🇼 Slavs · Taiwan
1128
+14
🇹🇼 Franks · Taiwan
1111
+14
🇹🇼 Spanish · Taiwan
1004
+19
🇫🇷 Celts · France
1094
-16
🇨🇳 Japanese · China
1078
-15
🇦🇷 Franks · Argentina
1067
-15
🇨🇳 Poles · China
1058
-14
KZA
11:11 Feudal Age
9:53 Loom
15:23 Castle Age
13:11 Double-Bit Axe
26:49 Scale Barding Armor
26:55 Forging
27:10 Husbandry
34:47 Imperial Age
32:55 Wheelbarrow
34:04 Fletching
35:14 Chain Barding Armor
35:29 Iron Casting
35:35 Cavalier
berpite7
6:20 Loom
6:28 Loom
10:55 Feudal Age
10:05 Loom
15:29 Castle Age
13:44 Double-Bit Axe
18:19 Horse Collar
23:17 Wheelbarrow
Depart
0:30 Loom
10:39 Feudal Age
11:56 Wheelbarrow
11:08 Double-Bit Axe
15:30 Castle Age
13:48 Horse Collar
16:21 Bow Saw
16:55 Heavy Plow
22:42 Hand Cart
24:46 Gold Mining
25:15 Stone Mining
27:02 Stone Shaft Mining
29:38 Imperial Age
27:51 Forging
27:46 Scale Barding Armor
29:26 Iron Casting
30:51 Chain Barding Armor
31:06 Crop Rotation
32:02 Blast Furnace
31:24 Bloodlines
31:14 Husbandry
30:35 Cavalier
32:41 Light Cavalry
34:33 Szlachta Privileges
34:49 Conscription
34:49 Lechitic Legacy
33:52 Winged Hussar
单身的老汤姆
11:17 Feudal Age
11:24 Loom
14:53 Town Watch
18:45 Castle Age
17:18 Stone Mining
17:23 Gold Mining
17:42 Double-Bit Axe
17:45 Horse Collar
18:51 Fletching
20:38 Heavy Plow
23:38 Guard Tower
24:10 Treadmill Crane
24:32 Murder Holes
26:02 Bodkin Arrow
28:10 Gold Shaft Mining
27:58 Masonry
33:07 Imperial Age
32:25 Ballistics
32:32 Yasama
34:45 Keep
36:52 Bow Saw
鄙人張麻子
10:54 Feudal Age
14:26 Castle Age
12:28 Horse Collar
12:37 Double-Bit Axe
15:32 Heavy Plow
15:45 Bow Saw
20:01 Wheelbarrow
23:27 Hand Cart
24:10 Stone Mining
24:42 Fervor
24:58 Fervor
26:29 Loom
26:42 Gold Mining
29:24 Imperial Age
27:17 Scale Barding Armor
27:55 Forging
28:01 Town Watch
28:47 Bloodlines
28:38 Husbandry
29:23 Chain Barding Armor
29:39 Iron Casting
29:40 Elite Leitis
32:09 Chemistry
31:46 Plate Barding Armor
32:49 Conscription
33:09 Caravan
33:06 Fletching
33:44 Bodkin Arrow
33:17 Light Cavalry
35:56 Coinage
35:37 Guilds
35:50 Winged Hussar
37:02 Illumination
39:11 Hoardings
春元胯下巨蟒
11:58 Feudal Age
16:07 Castle Age
17:25 Double-Bit Axe
22:32 Wheelbarrow
22:10 Bow Saw
24:21 Horse Collar
27:58 Hand Cart
28:25 Stone Mining
28:28 Gold Mining
28:56 Heavy Plow
33:25 Imperial Age
31:39 Stone Mining
33:07 Fletching
34:43 Forging
34:39 Scale Barding Armor
35:27 Cavalier
36:08 Husbandry
36:18 Bloodlines
35:59 Elite Conquistador
36:40 Inquisition
37:01 Conscription
37:42 Stone Shaft Mining
37:18 Padded Archer Armor
38:35 Leather Archer Armor
39:15 Thumb Ring
39:47 Ring Archer Armor
39:13 Bodkin Arrow
39:21 Heavy Cavalry Archer
小蝦米跟大鯨魚
12:12 Feudal Age
16:06 Castle Age
16:19 Pikeman
17:32 Forging
22:51 Horse Collar
22:57 Double-Bit Axe
23:05 Gold Mining
28:14 Stone Mining
32:05 Squires
32:07 Scale Mail Armor
32:35 Ballistics
33:48 Heavy Plow
34:28 Wheelbarrow
37:01 Gold Shaft Mining
39:02 Imperial Age
36:48 Detinets
36:43 Fletching
37:29 Iron Casting
39:16 Hand Cart
39:21 Fortified Wall
39:22 Halberdier
41:04 Blast Furnace
40:20 Chain Mail Armor
40:30 Conscription
世紀垃圾
10:58 Feudal Age
14:36 Castle Age
12:56 Double-Bit Axe
15:30 Scale Barding Armor
15:37 Forging
15:42 Bow Saw
21:57 Chain Barding Armor
24:21 Gold Mining
27:32 Gold Shaft Mining
30:57 Imperial Age
29:03 Wheelbarrow
29:34 Iron Casting
29:21 Loom
31:12 Cavalier
32:36 Plate Barding Armor
34:04 Chemistry
34:39 Conscription
35:58 Hand Cart
36:24 Devotion
37:04 Paladin
40:13 Blast Furnace
Connection lost

Rejoining the realm…

Still unreachable

The connection could not be restored.

Session expired

The server has moved on; the page needs a fresh start.